[Event "German Bundesliga 2023-24"]
[Site "Germany"]
[Date "2024.02.23"]
[Round "9.18"]
[White "Iturrizaga Bonelli, Eduardo"]
[Black "Rapport, Richard"]
[Result "0-1"]
[ECO "E73"]
[WhiteElo "2600"]
[BlackElo "2717"]
[Annotator "TA"]
[PlyCount "80"]
[EventDate "2023.10.20"]
[EventType "team-tourn"]
[EventCountry "GER"]
[SourceTitle "playchess.com"]
[Source "ChessBase"]
[SourceQuality "1"]
[TimeControl "40/6000+30:3000+30"]

1. c4 g6 2. e4 Bg7 3. d4 d6 4. Nc3 Nf6 5. Be2 O-O 6. Be3 Na6 {[%emt 0:00:11] E73: King's Indian: Averbakh Variation without 6...c5.} 7. h3 c6 8. Nf3 e5 9. d5 Nh5 10. O-O Nf4 11. Re1 Nxe2+ 12. Qxe2 c5 13. Kh1 $146 ({Predecessor:} 13. Kh2 f5 14. Bg5 Qe8 15. exf5 gxf5 16. Nh4 h6 17. Bc1 Qf7 18. g3 Kh7 19. g4 fxg4 {1-0 Perry,W (2210)-Guerra,R (2247) W-ch WS/M/682 email 2018}) 13... f5 14. exf5 gxf5 15. Rg1 e4 16. Bg5 $1 (16. Ng5 f4 17. Ncxe4 (17. Ngxe4 $2 Qh4 $19) (17. Qh5 $2 h6 $17) 17... fxe3 18. Qxe3 h6 $19 (18... Bxb2 19. Raf1 $17)) 16... Qe8 (16... exf3 $2 17. gxf3 Qd7 18. Bh6 $18) 17. Nh4 Nb4 18. Rad1 (18. g4 $16 {Black must now prevent gxf5.} Nd3 19. Raf1) 18... Bd7 $11 19. g3 (19. g4 {feels hotter.} fxg4 20. Nxe4 Rxf2 21. Qxf2 Qxe4+ 22. Qg2) 19... Nd3 20. Rxd3 exd3 21. Qxd3 a6 22. Qd2 (22. Bf4 $11 {might be stronger.}) 22... b5 $15 23. Re1 {[%emt 0:00:27] [#]} Qh5 $1 24. Bf4 {[%emt 0:00:33] [#]} Rfe8 $1 25. Bxd6 (25. Ne2 $17) 25... Rxe1+ $19 (25... bxc4 26. Kh2 $15) 26. Qxe1 Re8 (26... bxc4 27. Be5 $11 (27. Qe7 $2 Qf7 $17)) 27. Be7 $2 (27. Qf1 {was the only chance.}) 27... Qf7 (27... bxc4 28. f4 $19) 28. d6 Qxc4 (28... bxc4 29. Qd2 $17) 29. Qd2 Qd4 30. Qe2 Qe5 (30... b4 31. Nf3 Bc6 32. Kg1 Bxf3 33. Qxf3 bxc3 34. bxc3 $19) 31. Qd1 (31. Qf3 $142 Rb8 32. Kg1) 31... f4 32. g4 Qd4 $2 ({Better is} 32... b4 $19 33. Ne2 c4 (33... Qxb2 $2 34. Qd5+ Kh8 35. Ng1 $19)) 33. Qf3 $15 b4 (33... Be5 $1 $15 34. Nd5 c4 (34... Qxb2 $2 35. Nb6 $18) (34... Bc6 $2 35. Nf6+ Bxf6 36. Qxc6 $18)) 34. Ne2 $2 (34. Ne4 $11 {and White stays safe.}) 34... Qd1+ $19 (34... Qxb2 35. Nf5 Qxa2 36. Nxg7 Qa1+ (36... Kxg7 37. Nxf4 Qf7 38. Nh5+ Kg8 39. Qe3 $11) 37. Kh2 Qxg7 38. Qd5+ Qf7 39. Qxc5 $11 (39. Qxf7+ $2 Kxf7 40. Nxf4 c4 $19)) 35. Kg2 $2 (35. Kh2 {was the crucial defense.} Be5 (35... Bxb2 36. Nf5 $17) 36. Qe4 Bxd6 (36... Bxb2 37. Nf5 $11) 37. Qc4+ Kg7 38. Bxd6 Qxd6 (38... Qxe2 39. Qxc5 Qxb2 40. Qg5+ Kf7 41. Qd5+ Re6 42. Bc5 $16) 39. Nxf4) 35... Rc8 $19 ({Less strong is} 35... Bxb2 36. Qb7 Bb5 (36... Bc8 37. Qc6 $18) 37. Ng1 $17) 36. Qb3+ Qxb3 37. axb3 Bxb2 38. Nxf4 c4 39. bxc4 b3 40. Nd5 Bg7 0-1

[Event "German Bundesliga 2023-24"]
[Site "Germany"]
[Date "2024.02.23"]
[Round "9.19"]
[White "Aronian, Levon"]
[Black "Oleksiyenko, Mykhaylo"]
[Result "1/2-1/2"]
[ECO "E14"]
[WhiteElo "2725"]
[BlackElo "2567"]
[Annotator "TA"]
[PlyCount "81"]
[EventDate "2023.10.20"]
[EventType "team-tourn"]
[EventCountry "GER"]
[SourceTitle "playchess.com"]
[Source "ChessBase"]
[SourceQuality "1"]
[TimeControl "40/6000+30:3000+30"]

1. d4 d5 2. Nf3 e6 3. c4 Nf6 4. e3 b6 5. Nc3 Bb7 6. cxd5 exd5 7. Qa4+ c6 8. Bd3 Be7 9. O-O O-O 10. Rd1 Nbd7 11. Qc2 Re8 12. b3 Rc8 13. Bb2 Bd6 14. Bf5 Qe7 15. Re1 g6 {[%emt 0:02:19] Dodges e4} 16. Bh3 Rcd8 17. Ne2 Ne4 18. Nf4 Ndf6 {[%emt 0:07:03] Threatening ...g5.} 19. Nd3 Bc8 20. Bxc8 Rxc8 21. Rad1 c5 22. dxc5 bxc5 23. Nf4 Bxf4 24. exf4 d4 {[%emt 0:01:24] The position is equal.} 25. Nd2 {[%emt 0:06:31][%cal Bf3d2,Bd2c4,Bc4e5][%mdl 32] [#] And now Nxe4 would win.} Qb7 26. Nc4 {[%emt 0:00:10] f3 is the strong threat.} Qc7 27. Ne5 Nd6 28. b4 cxb4 29. Qxc7 Rxc7 30. Rxd4 Nc4 31. Rc1 (31. Rxc4 $2 {is the wrong capture.} Rxc4 32. Rb1 Rc2 $19 (32... Rxf4 $2 33. Nd3 $19)) 31... Nxe5 {[%emt 0:00:03] A dynamic duo of knights.} 32. Rxc7 Nc4 {[%emt 0:00:14][%cal Re8e1] [#]} 33. g3 $1 Nxb2 34. Rxa7 Rb8 35. Kf1 b3 36. axb3 Rxb3 37. Rc7 Kg7 38. Ke2 h5 39. Rc2 Ng4 40. h3 Nh6 41. Rc7 {[%emt 0:53:00] Weighted Error Value: White=0.03 (flawless) /Black=0.04 (flawless) .  Inaccurate:     	White=1     	Black=1      OK:         	White=22    	Black=15     Best:        	White=1     	Black=1} 1/2-1/2

[Event "German Bundesliga 2023-24"]
[Site "Germany"]
[Date "2024.02.23"]
[Round "9.20"]
[White "Bauer, Christian"]
[Black "Vachier-Lagrave, Maxime"]
[Result "1/2-1/2"]
[ECO "D02"]
[WhiteElo "2564"]
[BlackElo "2734"]
[Annotator "TA"]
[PlyCount "41"]
[EventDate "2023.10.20"]
[EventType "team-tourn"]
[EventCountry "GER"]
[SourceTitle "playchess.com"]
[Source "ChessBase"]
[SourceQuality "1"]
[TimeControl "40/6000+30:3000+30"]

1. d4 Nf6 2. Nf3 g6 3. Nbd2 d5 4. e3 Bg7 5. b4 O-O 6. Bb2 Be6 7. Be2 Ne8 8. c4 {[%emt 0:03:54] White has an edge.} dxc4 9. Bxc4 Bxc4 10. Nxc4 Qd5 11. Qb3 a6 12. O-O Nc6 13. Na5 {[%emt 0:05:53] The position is equal.} Qxb3 14. axb3 {[%emt 0:00:15] Threatens to win with Nxc6.} Nxa5 15. bxa5 Nd6 16. Rfc1 Rac8 17. Rc5 Rfd8 18. Rac1 Nb5 19. g4 e6 20. Kg2 Bf8 21. R5c4 {[%emt 0:00:28] Weighted Error Value: White=0.08 (flawless) /Black=0.03 (flawless) .  Inaccurate:     	White=1     	---        OK:         	White=1     	Black=9} 1/2-1/2

[Event "German Bundesliga 2023-24"]
[Site "Germany"]
[Date "2024.02.23"]
[Round "9.21"]
[White "Keymer, Vincent"]
[Black "Grigoriants, Sergey"]
[Result "1-0"]
[ECO "A20"]
[WhiteElo "2721"]
[BlackElo "2543"]
[Annotator "TA"]
[PlyCount "67"]
[EventDate "2023.10.20"]
[EventType "team-tourn"]
[EventCountry "GER"]
[SourceTitle "playchess.com"]
[Source "ChessBase"]
[SourceQuality "1"]
[TimeControl "40/6000+30:3000+30"]

1. c4 e5 2. d3 Nf6 3. Nf3 Bb4+ 4. Bd2 Bxd2+ 5. Qxd2 d6 6. h3 Nc6 7. Nc3 h6 8. e3 {[%emt 0:02:41] The position is equal.} Bf5 9. O-O-O Bh7 10. g4 d5 11. g5 hxg5 12. Nxg5 Bg6 13. cxd5 Nxd5 14. Rg1 Rh6 (14... Qd7 $15) 15. Bg2 $11 Ncb4 {[%emt 0:12:48] White must now prevent ...Nxc3.} 16. Be4 Qd6 {[%emt 0:01:45] Inhibits Ne6.} 17. Nxd5 Nxd5 18. d4 {[%emt 0:02:09] Strongly threatening Bxg6.} Nb4 ({Better is} 18... Bh5 $11 19. dxe5 Qc5+ 20. Kb1 Bxd1 21. Nxf7 (21. Qxd1 c6 $11) (21. Bxd5 Bc2+ 22. Qxc2 Qxd5 $15) (21. Rxd1 c6 $11) 21... Nc3+ 22. bxc3 Rb6+ 23. Ka1 Bh5 (23... Kxf7 $2 24. Qd7+ Kf8 25. Qxg7+ Ke8 26. Bg6+ Kd8 27. Rxd1+ $18)) 19. Bxg6 $14 (19. Bxb7 $2 Nxa2#) 19... Rxg6 20. a3 $1 Nc6 21. Ne4 Qd5 22. Rxg6 fxg6 23. Nc3 Qf3 24. d5 $1 O-O-O 25. Qc2 $36 {[%emt 0:08:33][%mdl 2048] Keeping Black busy.} Ne7 26. Nb5 $1 c6 (26... Rxd5 27. Qxc7#) (26... Nxd5 27. Rxd5 (27. Nxa7+ Kb8 $11) 27... Qh1+ 28. Rd1 (28. Qd1 $2 Qxd5 29. Qg4+ Qd7 $19) 28... Rxd1+ 29. Qxd1) 27. d6 Nf5 $2 {[%emt 0:01:16][%mdl 8192] This move loses the game for Black.} (27... Nd5 $16 {is tougher.}) 28. Qc4 $1 $18 Qxf2 29. Qe6+ $1 Kb8 {[%emt 0:00:04] [#]} 30. Qf7 $1 {[%emt 0:00:19] Qc7+ would kill now.} Qxe3+ 31. Kb1 {[%emt 0:00:10] Intending Qc7+ and mate.} Qb6 {[%emt 0:00:10] [#]} ({Weaker is} 31... cxb5 32. Qc7+ Ka8 33. Qxd8#) (31... Qe4+ 32. Ka1 Qh4 (32... cxb5 33. Qc7+ Ka8 34. Qxd8#)) 32. Qc7+ $1 {[%emt 0:00:11] White is clearly winning.} Ka8 {[%emt 0:00:03] [#]} 33. d7 $1 Ne7 {[%emt 0:01:09] Prevents Qc8+} 34. Qxb6 {[%emt 0:00:07] Weighted Error Value: White=0.02 (flawless) /Black=0.47.  Loses game:     	---       	Black=1      Mistake:       	---       	Black=2      Inaccurate:     	White=1     	Black=2      OK:         	White=13    	Black=7      Best:        	White=1     	Black=3      Strong:       	White=6     	---} ({Inferior is} 34. Qxe5 Qxb5 35. Qxe7 Qf5+ 36. Ka2 Qf6 $11) 1-0

[Event "German Bundesliga 2023-24"]
[Site "Germany"]
[Date "2024.02.23"]
[Round "9.22"]
[White "Riehle, Marco"]
[Black "Vitiugov, Nikita"]
[Result "0-1"]
[ECO "B90"]
[WhiteElo "2368"]
[BlackElo "2686"]
[Annotator "TA"]
[PlyCount "74"]
[EventDate "2023.10.20"]
[EventType "team-tourn"]
[EventCountry "GER"]
[SourceTitle "playchess.com"]
[Source "ChessBase"]
[SourceQuality "1"]
[TimeControl "40/6000+30:3000+30"]

1. e4 c5 2. Nf3 d6 3. d4 cxd4 4. Nxd4 Nf6 5. Nc3 a6 6. Be3 e5 7. Nb3 Be6 8. f3 Nbd7 9. Qd2 h5 10. O-O-O b5 11. Kb1 Rc8 12. a3 Be7 {[%emt 0:02:30] The position is equal.} 13. f4 Qc7 14. Nd5 Bxd5 15. exd5 Ne4 16. Qd3 f5 17. Be2 {[%emt 0:04:23] [#]} ({White should play} 17. g3 $11) 17... g6 (17... exf4 $1 $17 18. Bxf4 g5 (18... Ne5 19. Bxe5 dxe5 20. Bf3 $11)) 18. Bf3 $11 Ndf6 19. Bxe4 Nxe4 20. Nd2 {[%emt 0:00:27] Prevents Qc4.} Nf6 21. Nb3 Ne4 22. Nd2 Nxd2+ 23. Qxd2 {[%emt 0:04:05] Black must now prevent fxe5.} e4 24. Bd4 {[%emt 0:00:45] Wards off Bf6} Rh7 25. Bc3 Qa7 26. g3 Bf8 27. h3 Rhc7 {[%emt 0:02:34][%cal Oc7c3] And now ...Rxc3! would win.} 28. g4 $2 {[%emt 0:07:12][%mdl 8192] [#]} Rxc3 $1 $19 29. bxc3 Bg7 30. gxf5 {[%emt 0:00:19] [#] Strongly threatening Qg2.} Qc5 $1 31. Ka2 (31. fxg6 $2 Qxa3 32. Rhe1 Bxc3 $19) (31. f6 $142 Bxf6 32. Ka2) 31... Qc4+ (31... Bxc3 32. Qe2 gxf5 33. Qxh5+ Kd8 34. Qxf5 Qc4+ 35. Kb1 $19) (31... gxf5 32. Rhg1 Bxc3 33. Qe2 Qc4+ 34. Qxc4 Rxc4 35. Rg6 $17) 32. Kb1 Bxc3 33. Qg2 Bf6 $2 (33... Kf8 {Threatens to win with ...Qa4.} 34. Rhg1 (34. Qxg6 $2 Bg7 $19) (34. fxg6 $2 Bf6 $19) 34... Bh8) 34. Qd2 $2 (34. fxg6 $2 {loses.} Kf8 35. Kc1 e3 36. g7+ Kg8 $19) (34. Qxg6+ $2 {is the wrong capture.} Ke7 35. Qh7+ (35. Qxh5 $2 Qxc2#) 35... Kf8 36. Qh6+ (36. Qxh5 $2 Qxc2#) 36... Bg7 37. Qxd6+ (37. Qxh5 $2 Qxc2#) 37... Kg8 $19) (34. Rde1 Qc3 35. Qxe4+ (35. fxg6 $2 Qb2#) 35... Kf8 36. Kc1) 34... Qa4 35. Qc1 b4 {[%emt 0:02:31] Black mates.} 36. Rh2 bxa3 (36... Qxa3 $2 {too greedy.} 37. Qxa3 (37. fxg6 $2 Qa1#) 37... bxa3 38. fxg6 $18) 37. fxg6 a2# {[%emt 0:00:04] Weighted Error Value: White=0.66/Black=0.23 (precise) .  Loses game:     	White=1     	---        Mistake:       	White=3     	Black=2      Inaccurate:     	White=2     	---        OK:         	White=7     	Black=10     Best:        	White=2     	Black=4      Strong:       	---       	Black=1      Brilliant:      	---       	Black=1} 0-1

[Event "German Bundesliga 2023-24"]
[Site "Germany"]
[Date "2024.02.23"]
[Round "9.23"]
[White "Wojtaszek, Radoslaw"]
[Black "Georgiev, Kiril"]
[Result "1/2-1/2"]
[ECO "D60"]
[WhiteElo "2668"]
[BlackElo "2548"]
[Annotator "TA"]
[PlyCount "42"]
[EventDate "2023.10.20"]
[EventType "team-tourn"]
[EventCountry "GER"]
[SourceTitle "playchess.com"]
[Source "ChessBase"]
[SourceQuality "1"]
[TimeControl "40/6000+30:3000+30"]

1. d4 Nf6 2. c4 e6 3. Nf3 d5 4. Nc3 c6 5. Bg5 h6 6. Bh4 Be7 7. e3 Nbd7 8. Bd3 O-O 9. O-O dxc4 10. Bxc4 c5 11. Qe2 a6 12. dxc5 Nxc5 {[%emt 0:00:38] The position is equal.} 13. Rfd1 Qe8 14. a4 b6 15. e4 Bb7 16. e5 Nfe4 17. Nxe4 Nxe4 18. Bd3 Nc5 {[%emt 0:02:49] [#] aiming for ...Bxf3.} 19. Bxe7 Qxe7 20. Bc2 a5 21. Rd6 Rab8 {[%emt 0:04:26] Weighted Error Value: White=0.07 (flawless) /Black=0.03 (flawless) .  Mistake:       	---       	Black=1      Inaccurate:     	White=1     	---        OK:         	White=5     	Black=6      Best:        	---       	Black=1} (21... Rfd8 $15 22. Rad1 (22. Rxb6 Qc7 $15) 22... Rac8) 1/2-1/2

[Event "German Bundesliga 2023-24"]
[Site "Germany"]
[Date "2024.02.23"]
[Round "9.24"]
[White "Lai, Hing Ting"]
[Black "Kasimdzhanov, Rustam"]
[Result "0-1"]
[ECO "D34"]
[WhiteElo "2464"]
[BlackElo "2679"]
[Annotator "RC"]
[PlyCount "134"]
[EventDate "2023.10.20"]
[EventType "team-tourn"]
[EventCountry "GER"]
[SourceTitle "playchess.com"]
[Source "ChessBase"]
[SourceQuality "1"]
[TimeControl "40/6000+30:3000+30"]

1. Nf3 d5 2. g3 Nf6 3. Bg2 e6 4. O-O Be7 5. d4 O-O 6. c4 c5 7. dxc5 Bxc5 8. Nc3 Nc6 9. cxd5 exd5 10. Bg5 d4 11. Bxf6 Qxf6 12. Ne4 Qe7 13. Nxc5 Qxc5 14. Qd2 Rd8 15. Rac1 Qb6 16. b3 h6 17. Rfe1 Be6 18. e3 dxe3 19. Qxe3 Nb4 20. Ne5 Qxe3 21. Rxe3 Nxa2 22. Ra1 Nb4 23. Bxb7 Nc2 24. Rb1 Rab8 25. Nc6 Nxe3 26. Nxd8 Rxd8 27. fxe3 Rb8 28. Bg2 Rxb3 29. Ra1 Rxe3 30. Rxa7 g5 31. Rc7 Re2 32. Rc1 Kg7 33. Rf1 Rd2 34. Rf2 Rd1+ 35. Rf1 Rd4 36. Rf2 h5 37. h3 f5 38. Rc2 h4 39. gxh4 Rxh4 40. Rc3 Kf6 41. Kf2 Rb4 42. Rc2 Rb3 43. Kg1 Ra3 44. Kh2 Re3 45. Rf2 Kg6 46. Bf3 Rd3 47. Be2 Ra3 48. Bf3 Bc4 49. Kg2 Kf6 50. Rc2 Be6 51. Rf2 Rc3 52. Kh2 Ke5 53. Bg2 Bc4 54. Rd2 Bd3 55. Rb2 Kf4 56. Rf2+ Ke5 57. Rb2 Ra3 58. Rf2 Kd4 59. Rf3 Ra5 60. Rf2 Ke3 61. Rb2 f4 62. Bb7 Rb5 63. Rxb5 Bxb5 64. Kg2 Bd7 65. Kh2 Kf2 66. Bd5 Be8 67. Be6 Bh5 0-1

[Event "German Bundesliga 2023-24"]
[Site "Germany"]
[Date "2024.02.23"]
[Round "9.25"]
[White "Bluebaum, Matthias"]
[Black "Nakamura, Hikaru"]
[Result "1/2-1/2"]
[ECO "D31"]
[WhiteElo "2668"]
[BlackElo "2788"]
[Annotator "TA"]
[PlyCount "45"]
[EventDate "2023.10.20"]
[EventType "team-tourn"]
[EventCountry "GER"]
[SourceTitle "playchess.com"]
[Source "ChessBase"]
[SourceQuality "1"]
[TimeControl "40/6000+30:3000+30"]

1. d4 d5 2. c4 e6 3. Nf3 a6 4. cxd5 exd5 5. Nc3 c6 6. Qc2 Nf6 7. Bg5 Be6 8. e3 {[%emt 0:01:17] White has an edge.} h6 9. Bf4 c5 10. dxc5 Bxc5 11. Be2 Nc6 12. O-O Rc8 13. Rfd1 Qe7 14. Ne5 Bb4 15. Bf3 Bxc3 (15... O-O {keeps more tension.} 16. Rac1 Na7 17. Qd3 Bxc3 18. Rxc3 Ne4) 16. Qxc3 O-O 17. Nxc6 Rxc6 {[%emt 0:01:01] The position is equal.} 18. Qd2 Rfc8 19. Rac1 Ne4 20. Bxe4 Rxc1 21. Rxc1 Rxc1+ 22. Qxc1 dxe4 23. a3 {[%emt 0:00:23] Weighted Error Value: White=0.05 (flawless) /Black=0.05 (flawless) .  Inaccurate:     	White=1     	---        OK:         	White=8     	Black=7} 1/2-1/2

[Event "German Bundesliga 2023-24"]
[Site "Germany"]
[Date "2024.02.23"]
[Round "9.26"]
[White "Abdusattorov, Nodirbek"]
[Black "Kamsky, Gata"]
[Result "1-0"]
[ECO "B48"]
[WhiteElo "2716"]
[BlackElo "2634"]
[Annotator "TA"]
[PlyCount "51"]
[EventDate "2023.10.20"]
[EventType "team-tourn"]
[EventCountry "GER"]
[SourceTitle "playchess.com"]
[Source "ChessBase"]
[SourceQuality "1"]
[TimeControl "40/6000+30:3000+30"]

1. e4 c5 2. Nf3 e6 3. d4 cxd4 4. Nxd4 Nc6 5. Nc3 Qc7 6. Be3 a6 7. Bd3 b5 8. Nxc6 Qxc6 9. Qd2 Bb7 10. O-O-O b4 11. Ne2 {[%emt 0:01:06] The position is equal.} Nf6 12. f3 Bc5 13. Kb1 d6 14. h4 Nd7 15. h5 h6 16. c3 a5 17. Nd4 Qb6 18. Bb5 Rd8 19. Rh3 bxc3 20. Qxc3 {[%emt 0:00:12][%cal Od4e6] And now Nxe6! would win.} Ke7 21. a4 (21. Bxd7 {simplifies} Rxd7 22. Rg3 Rg8 23. Bxh6 Bxd4 24. Qxd4 Qxd4 25. Rxd4 Rh8 26. Bd2) 21... Ne5 22. Rg3 Rhg8 23. Ka1 {[%emt 0:01:44] [#] Hoping for f4.} Rc8 24. f4 Bxd4 (24... Nc6 $1 $11 {and Black stays safe.}) 25. Bxd4 $18 ({Less strong is} 25. Qxd4 Qxd4 26. Rxd4 (26. Bxd4 Nd7 $16) 26... Nc6 $16) 25... Rxc3 26. Rxc3 {[%emt 0:00:02] Weighted Error Value: White=0.10 (very precise) /Black=0.29 (precise) .  Loses game:     	---       	Black=1      Inaccurate:     	White=1     	Black=1      OK:         	White=4     	Black=7      Best:        	White=1     	---} 1-0

[Event "German Bundesliga 2023-24"]
[Site "Germany"]
[Date "2024.02.23"]
[Round "9.27"]
[White "Gustafsson, Jan"]
[Black "Duda, Jan-Krzysztof"]
[Result "0-1"]
[ECO "D27"]
[WhiteElo "2620"]
[BlackElo "2726"]
[Annotator "TA"]
[PlyCount "100"]
[EventDate "2023.10.20"]
[EventType "team-tourn"]
[EventCountry "GER"]
[SourceTitle "playchess.com"]
[Source "ChessBase"]
[SourceQuality "1"]
[TimeControl "40/6000+30:3000+30"]

1. d4 d5 2. c4 dxc4 3. Nf3 Nf6 4. e3 e6 5. Bxc4 c5 6. O-O a6 7. b3 Nbd7 8. Bb2 Be7 9. dxc5 Bxc5 10. Nbd2 b6 11. Be2 {[%emt 0:17:09] The position is equal.} Bb7 12. Nc4 O-O 13. Nfe5 Nxe5 14. Bxe5 b5 15. Nb2 Ne4 16. Nd3 Bb6 17. Rc1 Qd5 {[%emt 0:04:28] ...Nc5 is the strong threat.} 18. Bf3 (18. Bc7 $15 Ng5 19. Bf3 (19. Bxb6 $2 Qxg2#) (19. Nf4 $2 Nh3+ 20. Kh1 Nxf4 $19) 19... Qxf3 (19... Nxf3+ 20. Qxf3 Qxf3 21. gxf3 $15) 20. gxf3 Bxf3 21. h4 Bxd1 22. hxg5 Bxc7 23. Rfxd1) 18... Rad8 $17 19. Bc7 Bxc7 20. Rxc7 {[%emt 0:00:07][%cal Od1a1] [#]} Ba8 $1 21. Qc1 Qxd3 22. Rd1 Nd2 23. Bxa8 Nxb3 24. Rxd3 Nxc1 25. Rxd8 Rxd8 26. Rxc1 Rxa8 {[%emt 0:00:04][%mdl 4096] Endgame. KR-KR} 27. Kf1 Kf8 28. Rc7 b4 29. Ke2 a5 30. e4 (30. Kd2 $142) 30... g5 31. Kd3 Kg7 ({Black should play} 31... a4 32. Kc2 g4) 32. f3 (32. Rc5 $142) 32... h5 (32... a4 $142 33. Kc2 Rb8) 33. g3 (33. Rc5 $17) 33... h4 34. Rc5 Kf6 35. Rb5 (35. gxh4 $17 {was worth a try.} gxh4 36. Kc4) 35... h3 $19 {[%emt 0:04:47] aiming for ...Rc8.} 36. Ke3 $2 (36. g4) 36... Rc8 37. e5+ Kg6 38. Rxa5 Rc2 39. Ra4 (39. Ra8 $142 Kf5 (39... Rxh2 $2 40. Rg8+ Kh6 41. g4 $19) 40. Rh8 Rxh2 (40... Kxe5 $2 41. Rxh3 Rc3+ 42. Ke2 $19) 41. Kd4) 39... Rxh2 {[%emt 0:00:46] ( -> ...Rg2)} 40. Rxb4 Rg2 (40... Rxa2 $2 41. g4 $19) 41. Rb1 {[%emt 0:50:29] Against h2} Rxg3 {[%emt 0:51:59] ...Kf5 would now be deadly.} 42. a4 Kf5 {[%emt 0:00:00][%cal Og5g4] Strongly threatening ...g4!} 43. a5 g4 44. Ra1 Rxf3+ {[%emt 0:00:00] Black mates.} 45. Ke2 h2 46. a6 {[%emt 0:00:00] [#]} Ra3 $3 47. Rxa3 h1=Q (47... h1=R $2 48. a7 Rh8 49. a8=Q $18 (49. a8=B Kxe5 50. Ra6 Rc8 $17) (49. a8=R Rh2+ 50. Ke3 Kxe5 $18)) 48. a7 Qa8 (48... Kxe5 $2 {loses.} 49. a8=Q (49. a8=B $2 {too greedy.} Qb1 $19) 49... Qh2+ 50. Kf1 $18) 49. Ra5 g3 50. Kf1 Qf3+ {[%emt 0:00:00] Weighted Error Value: White=0.67/Black=0.04 (flawless) .  Mistake:       	White=7     	Black=2      OK:         	White=13    	Black=11     Best:        	White=3     	Black=6      Strong:       	---       	Black=1} 0-1

[Event "German Bundesliga 2023-24"]
[Site "Germany"]
[Date "2024.02.23"]
[Round "9.28"]
[White "Mamedyarov, Shakhriyar"]
[Black "Zilka, Stepan"]
[Result "1-0"]
[ECO "E25"]
[WhiteElo "2734"]
[BlackElo "2599"]
[Annotator "TA"]
[PlyCount "77"]
[EventDate "2023.10.20"]
[EventType "team-tourn"]
[EventCountry "GER"]
[SourceTitle "playchess.com"]
[Source "ChessBase"]
[SourceQuality "1"]
[TimeControl "40/6000+30:3000+30"]

1. d4 Nf6 2. c4 e6 3. Nc3 Bb4 4. f3 d5 5. a3 Bxc3+ 6. bxc3 c5 7. cxd5 Nxd5 8. dxc5 {[%emt 0:00:07] next e4 is good for White.} Nd7 9. e4 Ne7 10. Be3 O-O {[%emt 0:03:01] White is slightly better.} 11. Nh3 Qa5 12. Qb3 (12. Rb1 {is interesting.} Nxc5 13. Qd6 Qxc3+ 14. Kf2) 12... Qc7 $1 13. a4 Nxc5 14. Qa3 Nd7 (14... b6 $11) 15. a5 $14 (15. Qxe7 $2 Qxc3+ 16. Kf2 Qxa1 $19) 15... Nc6 16. Bb5 Nce5 17. O-O Nc4 18. Bxc4 Qxc4 {[%emt 0:00:02] Black is weak on the dark squares} 19. Rfd1 e5 20. Nf2 Nb8 21. Nd3 Nc6 22. Nc5 Rb8 23. Rd6 $40 {[%emt 0:02:24][%mdl 128] aiming for Qb2. White attacks with force.} Rd8 {[%emt 0:02:04] [#]} 24. Rad1 (24. Rxd8+ $1 $16 Nxd8 25. Qb4) 24... Rxd6 25. Rxd6 h6 26. h4 Kh7 {[%emt 0:01:29] [#]} (26... Qb5 $14 {deserves consideration.}) 27. Bf2 $1 $16 {[%emt 0:02:35] White is more active.} f6 28. a6 $1 Qb5 $2 {[%emt 0:03:13] This move loses the game for Black.} (28... h5 $16) 29. axb7 $18 Bxb7 30. Qa2 Bc8 31. Kh2 Ne7 {[%emt 0:03:50][%cal Bc6e7,Be7g6,Bg6f4][%mdl 32] [#]} 32. Rxf6 $3 Qb2 33. Qxb2 (33. Qxa7 $2 Qxf2 $19) 33... Rxb2 34. Rf7 Ng6 35. Bg3 a5 $2 (35... h5 36. Rc7 (36. Rxa7 Rd2 $18) 36... Rb8 37. Rxa7 Rb6) 36. h5 {[%emt 0:00:48] White is clearly winning.} Nf4 37. Bxf4 exf4 38. Rf8 {[%emt 0:00:25] Repels Rb5} (38. Rxf4 Rb5 39. Nd3 Rxh5+ 40. Kg3 Ba6 $14) 38... Rb8 (38... Bb7 $142 39. c4 (39. Rxf4 Bc6 $18) (39. Rb8 Rb5 $18) 39... Rb1) 39. e5 {[%emt 0:00:12] Weighted Error Value: White=0.04 (flawless) /Black=0.27 (precise) .  Loses game:     	---       	Black=1      Mistake:       	White=1     	Black=4      Inaccurate:     	White=1     	Black=2      OK:         	White=21    	Black=14     Best:        	White=1     	Black=1      Strong:       	White=2     	Black=1} ({And not} 39. Rxf4 Rb5 40. Nd3 Rxh5+ 41. Kg1 Ba6 $11) 1-0